 Dungeon Crawl Stone Soup version 0.31-a0-233-g139696dc86 (webtiles) character file.

Game seed: 3584325892568265144

559 qw the Shooter (level 7, -3/59 HPs)
             Began as a Minotaur Hexslinger on July 9, 2023.
             Slain by a shadow imp (4 damage)
             ... summoned by Eustachio
             ... on level 5 of the Dungeon.
             The game lasted 00:01:30 (3435 turns).

qw the Shooter (Minotaur Hexslinger)                Turns: 3435, Time: 00:01:30

Health: -3/59      AC:  6    Str: 12    XL:     7   Next: 9%
Magic:  7/7        EV: 11    Int: 10    God:
Gold:   179        SH:  5    Dex: 15    Spells: 7/8 levels left

rFire   . . .        Y - +1 sling
rCold   . . .        (no shield)
rNeg    . . .        k - +0 ring mail
rPois   .            (helmet restricted)
rElec   .            (no cloak)
rCorr   .            h - +0 pair of gloves
SInv    .            (no boots)
Will    .....        g - amulet of reflection
Stlth   +            (no ring)
HPRegen 0.29/turn    (no ring)
MPRegen 0.10/turn

%: reflection
@: no status effects
A: horns 2, retaliatory headbutt
a: no special abilities


You were on level 5 of the Dungeon.
You visited 1 branch of the dungeon, and saw 5 of its levels.

You collected 179 gold pieces.


Innate Abilities, Weirdness & Mutations

You have a pair of horns on your head.
You reflexively headbutt those who attack you in melee.


   Skills:
 - Level 4.0 Fighting
 + Level 7.6 Ranged Weapons
 - Level 1.0 Armour
 - Level 2.1 Dodging
 - Level 1.0 Spellcasting
 - Level 2.0 Hexes


You had 7 spell levels left.
You knew the following spells:

 Your Spells              Type           Power      Damage    Failure   Level
a - Slow                  Hex            16%        N/A       34%         1

Your spell library contained the following spells:

 Spells                   Type           Power      Damage    Failure   Level
 Inner Flame              Hex/Fire       2%         N/A       83%         3
 Portal Projectile        Hex/Tloc       4%         N/A       83%         3
 Cause Fear               Hex            2%         N/A       98%         4

Inventory:

Hand Weapons
 Y - a +1 sling (weapon)
Armour
 h - a +0 pair of gloves (worn)
 k - a +0 ring mail (worn)
Jewellery
 g - an amulet of reflection (around neck)
Scrolls
 f - 2 scrolls of identify
Potions
 a - a potion of resistance
 b - a potion of might {unknown}
 c - a potion of lignification {unknown}
 d - a potion of degeneration {unknown}
 i - a potion of berserk rage {unknown}
 j - 5 potions of curing
 m - a potion of attraction {unknown}

Dungeon Overview and Level Annotations

Branches:
Dungeon (5/15)
 Temple: D:4-7

Altars:
Cheibriados
Dithmenos
Elyvilon
Makhleb
Qazlal
Xom
The Shining One

Shops:
D:1 [

Annotations:
D:5 3 runed translucent doors, Eustachio; qw's ghost, amateur GrHs


Message History

You are confused.
Eustachio hits you with a +0 rapier.
3431 ||| DRINKING 6 potions of curing.
You feel better.
3431 ||| (to cure confusion)
The quokka bites you but does no damage.
Something hits you. Eustachio misses you. The shadow imp gestures at you.
You struggle to resist.
The quokka misses you. You furiously retaliate!
You headbutt the quokka!
You kill the quokka!
The quokka's corpse disappears in a puff of smoke!
You shoot a sling bullet.
The sling bullet closely misses Eustachio.
The bat hits you but does no damage.
The ufetubus hits you but does no damage.
The ufetubus hits you. Something hits you.
Eustachio mumbles some strange words.
The shadow imp gestures at you. Pain shoots through your body!
You shoot a sling bullet. The sling bullet hits Eustachio.
Eustachio is severely wounded.
The river rat disappears in a puff of smoke!
The rat disappears in a puff of smoke!
The bat hits you but does no damage. The bat closely misses you.
The ufetubus hits you. You block the ufetubus's attack.
The scorpion stings you.
The ufetubus hits you but does no damage. x2
Something hits you but does no damage. Eustachio hits you with a +0 rapier.
You block the shadow imp's attack. The scorpion misses you.
You shoot a sling bullet. The sling bullet hits Eustachio.
Eustachio is severely wounded.
You block the bat's attack. You block the ufetubus's attack.
The ufetubus closely misses you. Something hits you but does no damage.
Eustachio closely misses you.
The scorpion stings you but does no damage.
The shadow imp hits you.
You shoot a sling bullet. The sling bullet hits Eustachio.
Eustachio is severely wounded.
The scorpion stings you but does no damage.
Something hits you but does no damage. Eustachio hits you with a +0 rapier.
The shadow imp hits you.
You die...

###. #.. .......
..#.#..##.# #......
........#.# #......
...#..##.###......
#.##..........#... #
##.##..............
.##.##r5...#............
.....r@5b¤¤#....#.......
#{@5.¤....###.8....
#s#¤.....## #######
.oo###.####


#oooW ..... ### #.ooo ....... #.### ....... #.#8# ....... #.... #.#.... You
could see Eustachio, a scorpion, a river rat (summoned), 2 shadow imps, 2 orcs,
an ufetubus (summoned), a bat (summoned) and a rat (summoned).

Vanquished Creatures
  2 scorpions
  3 orc priests
  An iguana (D:3)
  Natasha (thrice) (D:2)
  Terence (D:2)
  2 orc wizards
  7 adders
  2 ufetubi (D:5)
  A worm (D:2)
  A dart slug (D:3)
  11 orcs
  15 ball pythons
  2 bats (D:2)
  7 endoplasms
  A giant cockroach (D:1)
  5 goblins
  7 hobgoblins
  6 jackals
  5 quokkas
  4 frilled lizards
  6 kobolds
  4 rats
96 creatures vanquished.

Notes
Turn   | Place    | Note
-------+----------+-------------------------------------------
     0 | D:1      | qw the Minotaur Hexslinger began the quest for the Orb.
     0 | D:1      | Reached XP level 1. HP: 16/16 MP: 1/1
     0 | D:1      | 0 ||| qw: Version: 0.3-a-51-g015441d
     0 | D:1      | 0 ||| qw: Game counter: 4015
     0 | D:1      | 0 ||| qw: Melee chars always use a shield: true
     0 | D:1      | 0 ||| qw: God list: Okawaru
     0 | D:1      | 0 ||| qw: Allow faded altars: false
     0 | D:1      | 0 ||| qw: Do Orc after clearing Dungeon:15 true
     0 | D:1      | 0 ||| qw: Do second Lair branch before Depths: true
     0 | D:1      | 0 ||| qw: Lair rune preference: random
     0 | D:1      | 0 ||| qw: Goals: Normal
     0 | D:1      | 0 ||| PLANNING D:1-11
   199 | D:1      | Reached skill level 3 in Ranged Weapons
   199 | D:1      | Reached XP level 2. HP: 23/23 MP: 2/2
   986 | D:1      | Reached XP level 3. HP: 29/29 MP: 3/3
  1008 | D:1      | Found Zoireexi's Armour Shoppe.
  1014 | D:1      | 1014 ||| SHOPLISTING +0 pair of boots (58 gold, have 38).
  1014 | D:1      | 1014 ||| SHOPLISTING +0 pair of gloves (58 gold, have 38).
  1014 | D:1      | 1014 ||| SHOPLISTING +0 ring mail (52 gold, have 38).
  1014 | D:1      | 1014 ||| UPGRADING to +0 leather armour.
  1024 | D:1      | 1024 ||| DROPPING +0 robe.
  1025 | D:1      | 1025 ||| UPGRADING to amulet of regeneration.
  1030 | D:1      | 1030 ||| DROPPING amulet of the acrobat.
  1031 | D:1      | 1031 ||| READING scroll labelled WUSTRA YRHEME.
  1034 | D:1      | 1034 ||| READING 3 scrolls labelled UBOROKURUO.
  1035 | D:1      | 1035 ||| DRINKING 3 yellow potions.
  1036 | D:1      | 1036 ||| READING 2 scrolls of identify.
  1036 | D:1      | 1036 ||| IDENTIFYING blue potion
  1037 | D:1      | 1037 ||| DROPPING scroll of poison.
  1064 | D:2      | Noticed Terence
  1074 | D:2      | Killed Terence
  1075 | D:2      | Reached skill level 4 in Ranged Weapons
  1128 | D:2      | Noticed Natasha
  1133 | D:2      | HP: 5/29 [Natasha/magic dart (7)]
  1134 | D:2      | 1134 ||| DRINKING 2 potions of heal wounds.
  1138 | D:2      | HP: 5/29 [Natasha/magic dart (9)]
  1139 | D:2      | 1139 ||| DRINKING potion of heal wounds.
  1141 | D:2      | Killed Natasha
  1142 | D:2      | Reached XP level 4. HP: 33/36 MP: 4/4
  1346 | D:2      | Noticed Natasha
  1348 | D:2      | 1348 ||| FLEEEEING.
  1349 | D:2      | 1349 ||| FLEEEEING.
  1350 | D:2      | 1350 ||| FLEEEEING.
  1351 | D:2      | 1351 ||| FLEEEEING.
  1352 | D:2      | 1352 ||| FLEEEEING.
  1353 | D:2      | 1353 ||| FLEEEEING.
  1354 | D:2      | 1354 ||| FLEEEEING.
  1356 | D:2      | 1356 ||| FLEEEEING.
  1366 | D:2      | Killed Natasha
  1367 | D:2      | Reached skill level 5 in Ranged Weapons
  1393 | D:2      | Noticed Natasha
  1401 | D:2      | Killed Natasha
  1402 | D:2      | Reached XP level 5. HP: 26/42 MP: 5/5
  1416 | D:2      | Reached skill level 3 in Fighting
  1471 | D:2      | 1471 ||| Stepping ~*~*~tactically~*~*~ (outnumbered).
  1619 | D:2      | 1619 ||| UPGRADING to +0 pair of gloves.
  1624 | D:2      | 1624 ||| UPGRADING to +0 ring mail.
  1634 | D:2      | 1634 ||| DROPPING +0 leather armour.
  1635 | D:2      | 1635 ||| DROPPING ring of wizardry.
  1636 | D:2      | 1636 ||| READING scroll labelled AGGAPREDONK.
  1711 | D:3      | Reached skill level 1 in Armour
  1858 | D:3      | 1858 ||| FLEEEEING.
  1859 | D:3      | 1859 ||| FLEEEEING.
  1860 | D:3      | 1860 ||| FLEEEEING.
  1861 | D:3      | 1861 ||| FLEEEEING.
  1862 | D:3      | 1862 ||| FLEEEEING.
  1863 | D:3      | 1863 ||| FLEEEEING.
  1864 | D:3      | 1864 ||| FLEEEEING.
  1865 | D:3      | 1865 ||| STAIRDANCE
  1871 | D:2      | 1871 ||| READING 2 scrolls labelled YXZACU XIMNE.
  1872 | D:2      | 1872 ||| DROPPING scroll of revelation.
  2021 | D:3      | Found a white marble altar of Elyvilon.
  2095 | D:3      | Found a glowing golden altar of the Shining One.
  2101 | D:3      | Found a snail-covered altar of Cheibriados.
  2104 | D:3      | Found a shimmering altar of Xom.
  2104 | D:3      | Found a burning altar of Makhleb.
  2114 | D:3      | Found a shadowy altar of Dithmenos.
  2208 | D:3      | 2208 ||| UPGRADING to amulet of reflection.
  2218 | D:3      | 2218 ||| DROPPING amulet of regeneration.
  2235 | D:4      | 2235 ||| STAIRDANCE
  2246 | D:3      | HP: 2/45 [iguana (11)]
  2247 | D:3      | 2247 ||| READING scroll of teleportation.
  2248 | D:3      | 2248 ||| DRINKING 2 potions of heal wounds.
  2250 | D:3      | Reached skill level 6 in Ranged Weapons
  2408 | D:4      | 2408 ||| Stepping ~*~*~tactically~*~*~ (outnumbered).
  2424 | D:4      | HP: 8/45 [orc priest/nerve-wracking pain (8)]
  2425 | D:4      | 2425 ||| DRINKING potion of heal wounds.
  2428 | D:4      | Reached XP level 6. HP: 22/51 MP: 6/6
  2438 | D:4      | HP: 12/51 [something/puff of flame (4)]
  2447 | D:4      | HP: 12/51 [something (2)]
  2693 | D:4      | Found a stormy altar of Qazlal.
  2695 | D:4      | Noticed an air elemental
  2697 | D:4      | Noticed a water elemental
  2697 | D:4      | Noticed a fire elemental
  2953 | D:4      | 2953 ||| READING scroll labelled HYQAAL KUNLYWU.
  2954 | D:4      | 2954 ||| READING scroll labelled EDAJAE QEADUFF.
  2955 | D:4      | 2955 ||| READING scroll labelled IJOUSI XEOMPO.
  2956 | D:4      | 2956 ||| READING 2 scrolls of identify.
  2956 | D:4      | 2956 ||| IDENTIFYING glowing grey potion
  2969 | D:5      | Entered Level 5 of the Dungeon
  3008 | D:5      | Reached skill level 7 in Ranged Weapons
  3205 | D:5      | Reached XP level 7. HP: 19/59 MP: 7/7
  3252 | D:5      | 3252 ||| FLEEEEING.
  3253 | D:5      | 3253 ||| FLEEEEING.
  3254 | D:5      | 3254 ||| FLEEEEING.
  3255 | D:5      | 3255 ||| FLEEEEING.
  3256 | D:5      | 3256 ||| FLEEEEING.
  3257 | D:5      | 3257 ||| FLEEEEING.
  3258 | D:5      | 3258 ||| FLEEEEING.
  3259 | D:5      | 3259 ||| STAIRDANCE
  3380 | D:5      | Found a runed translucent gate.
  3380 | D:5      | Found a runed translucent gate.
  3380 | D:5      | Found a runed translucent gate.
  3385 | D:5      | Noticed qw's ghost (amateur GrHs)
  3386 | D:5      | Identified the +4 dagger of Uskayaw's Displeasure {freeze,
                  | rPois rF- Will+++ SInv}
  3416 | D:5      | Noticed Eustachio
  3431 | D:5      | 3431 ||| DRINKING 6 potions of curing.
  3431 | D:5      | 3431 ||| (to cure confusion)
  3432 | D:5      | HP: 13/59 [shadow imp/nerve-wracking pain[Eustachio] (14)]
  3433 | D:5      | HP: 5/59 [Eustachio/+0 rapier (5)]
  3435 | D:5      | HP: 1/59 [Eustachio/+0 rapier (3)]
  3435 | D:5      | Slain by a shadow imp

Levels and vault maps discovered:
D:1:      roderic_chinese_lattice_arrival, layout_basic, serial_shops,
          nicolae_shop_pleasant_corner_grove, minmay_shallow_snake_nest
D:2:      layout_basic, uniq_natasha, uniq_terence
D:3:      layout_rooms, nicolae_elyvilon_temple_path,
          nicolae_overflow_hallway_of_the_gods
D:4:      layout_rooms, nicolae_qazlal_style_of_elements
D:5:      layout_cave_pools, nicolae_overflow_quartered_altars,
          biasface_ghost_orc_armoury, grunt_ministairs_13, uniq_prince_ribbit1,
          uniq_eustachio

Skill      XL: |  1  2  3  4  5  6 |
---------------+-------------------+-----
Ranged Weapons | 3 4 5 6 7 |  7.6
Fighting       | 2 3 4 |  4.0
Armour         | 1 |  1.0
Dodging        | |  2.1
Spellcasting   | |  1.0
Hexes          | |  2.0

Action                     |  1- 3 |  4- 6 |  7- 9 || total
---------------------------+-------+-------+-------++-------
   Fire: Sling             |    92 |   223 |    24 ||   339
    Use: Scroll            |     3 |     7 |       ||    10
         Potion            |     3 |     2 |     1 ||     6
 Armour: Robe              |     7 |       |       ||     7
         Leather armour    |     1 |     5 |       ||     6
         Ring mail         |       |    53 |    28 ||    81
  Dodge: Dodged            |    36 |    67 |    22 ||   125
  Block: Other             |       |    18 |    14 ||    32

Table legend:
 A = Non-vault XP
 B = Vault XP
 C = Vault XP percentage of total XP
 D = Non-vault monster count
 E = Vault monster count
 F = Vault count percentage of total count
                 A         B        C        D         E       F
            +---------+---------+-------+---------+---------+-------
      Total |     722 |      77 |   9.6 |      91 |       5 |   5.2
            +---------+---------+-------+---------+---------+-------
        D:1 |      37 |       5 |  11.9 |      22 |       3 |  12.0
        D:2 |     125 |      72 |  36.5 |      20 |       2 |   9.1
        D:3 |      90 |       0 |   0.0 |      17 |       0 |   0.0
        D:4 |     210 |       0 |   0.0 |      20 |       0 |   0.0
        D:5 |     260 |       0 |   0.0 |      12 |       0 |   0.0
            +---------+---------+-------+---------+---------+-------
